[Event "Titled Tuesday Blitz July 11 Late 2023"]
[White "Zhang, Derek"]
[Black "Schnaider, Ilan"]
[WhiteFideId "2087871"]
[BlackFideId "169013"]
[WhiteElo "2514"]
[BlackElo "2641"]
[Result "1-0"]
[Round "10"]
[TimeControl "180+2"]
[Date "2023.07.11"]
[WhiteClock "0:00:26"]
[BlackClock "0:00:05"]
[Board "49"]

1. Nf3 Nf6 2. c4 g6 3. Nc3 Bg7 4. e4 e5 5. d4 exd4 6. Nxd4 O-O 7. Be3 Re8 8. Bd3 c6 9. O-O d5 10. cxd5 cxd5 11. Bb5 Re7 12. exd5 Nxd5 13. Bg5 Nxc3 14. Bxe7 Qxe7 15. bxc3 a6 16. Bc4 b5 17. Bd5 Ra7 18. Re1 Qd8 19. Qf3 b4 20. Rad1 bxc3 21. Nc6 Nxc6 22. Bxf7+ Rxf7 23. Rxd8+ Nxd8 24. Re8+ Bf8 25. Qxc3 Rd7 26. h4 Kf7 27. Rxf8+ Kxf8 28. Qxc8 Ke7 29. Qc5+ Kf7 30. Qc4+ Ne6 31. Qxa6 Rd1+ 32. Kh2 Rd2 33. Kg3 Ng7 34. Qb7+ Kf6 35. Qb6+ Kf7 36. Qc7+ Kf8 37. Qf4+ Nf5+ 38. Kh2 Rd4 39. Qb8+ Kf7 40. g3 Rd2 41. Kg2 Ne3+ 42. Kf3 Nd1 43. Qb7+ Kg8 44. Qb3+ Kg7 45. Qb7+ Kh6 46. Qa7 Rd3+ 47. Kg2 Rd2 48. a4 Ra2 49. a5 Ra3 50. a6 Nc3 51. Qe3+ Kg7 52. a7 Nb5 53. Qxa3 Nxa3 54. a8=Q Nc4 55. Qe4 Nd6 56. Qe5+ 1-0


[Site "https://www.chess.com"]

[Event "Titled Tuesday Blitz July 11 Late 2023"]
[White "Mikhailov, Viacheslav"]
[Black "Mindhunter08"]
[WhiteFideId "4187369"]
[WhiteElo "2640"]
[BlackElo "2512"]
[Result "1-0"]
[Round "10"]
[TimeControl "180+2"]
[Date "2023.07.11"]
[WhiteClock "0:00:16"]
[BlackClock "0:00:00"]
[Board "50"]

1. Nf3 d5 2. g3 g6 3. Bg2 Bg7 4. O-O e5 5. d3 Nc6 6. e4 dxe4 7. dxe4 Qxd1 8. Rxd1 Bg4 9. Be3 Nf6 10. Nc3 O-O 11. h3 Be6 12. Nd5 Rac8 13. Ng5 Bxd5 14. exd5 Nb4 15. Bc5 Nxc2 16. Bxf8 Bxf8 17. Rac1 Nd4 18. Kf1 Bd6 19. Nf3 Nxf3 20. Bxf3 Rd8 21. Bg2 Nd7 22. h4 Nc5 23. Rc4 b6 24. h5 g5 25. h6 f6 26. Bh3 Kf7 27. Bf5 Kg8 28. Rdc1 a5 29. Kg2 Bf8 30. Rh1 Rxd5 31. a3 a4 32. Rxa4 Nxa4 33. Be6+ Kh8 34. Bxd5 Nxb2 35. Rc1 Bd6 36. Be4 Na4 37. Kf3 Nc5 38. Bf5 Nb3 39. Rd1 Nd4+ 40. Kg4 Kg8 41. f4 gxf4 42. gxf4 Ne2 43. fxe5 fxe5 44. Be6+ Kf8 45. Bc4 Nf4 46. Kf5 Ke7 47. Rg1 Nh5 48. Rg7+ Kd8 49. Rxh7 1-0


[Site "https://www.chess.com"]

[Event "Titled Tuesday Blitz July 11 Late 2023"]
[White "Rangel, Daniel"]
[Black "Di Berardino, Diego Rafael"]
[WhiteFideId "2124475"]
[BlackFideId "2105446"]
[WhiteElo "2501"]
[BlackElo "2617"]
[Result "1-0"]
[Round "10"]
[TimeControl "180+2"]
[Date "2023.07.11"]
[WhiteClock "0:00:07"]
[BlackClock "0:00:04"]
[Board "51"]

1. c4 c5 2. g3 Nf6 3. Bg2 d5 4. cxd5 Nxd5 5. Nf3 Nc6 6. d4 cxd4 7. Nxd4 Ndb4 8. Nxc6 Qxd1+ 9. Kxd1 Nxc6 10. Nc3 Bd7 11. e3 g6 12. Ke2 Bg7 13. Bd2 O-O 14. Rhd1 Rfd8 15. Be1 Rac8 16. Rac1 b6 17. f4 Nb4 18. a3 Bg4+ 19. Bf3 Bxf3+ 20. Kxf3 Nd3 21. Rc2 Nxe1+ 22. Rxe1 Bxc3 23. bxc3 Rc4 24. Rb1 Rd3 25. Rb3 Rd1 26. Rb4 Rc5 27. Rd4 Ra1 28. Ra4 a5 29. Re4 e6 30. a4 Ra3 31. Rb2 Rc6 32. Rd4 Raxc3 33. Rd8+ Kg7 34. Rb8 Ra3 35. R8xb6 Rxb6 36. Rxb6 Rxa4 37. Ra6 h5 38. h3 Ra1 39. g4 hxg4+ 40. hxg4 a4 41. Ke4 a3 42. g5 a2 43. Ra8 f5+ 44. Ke5 Re1 45. Ra7+ Kf8 46. Rxa2 Rxe3+ 47. Kf6 Re4 48. Ra8# 1-0


[Site "https://www.chess.com"]

[Event "Titled Tuesday Blitz July 11 Late 2023"]
[White "Ganiev, Roman"]
[Black "Merino Garcia, Rafael II"]
[WhiteFideId "4131452"]
[BlackFideId "2209128"]
[WhiteElo "2607"]
[BlackElo "2505"]
[Result "0-1"]
[Round "10"]
[TimeControl "180+2"]
[Date "2023.07.11"]
[WhiteClock "0:00:01"]
[BlackClock "0:00:16"]
[Board "52"]

1. e4 d6 2. d4 Nd7 3. Nc3 g6 4. Be3 Bg7 5. Qd2 a6 6. h4 h6 7. Bc4 b5 8. Bb3 Bb7 9. f3 e6 10. Nh3 Qxh4+ 11. Bf2 Qe7 12. O-O-O Ngf6 13. g4 g5 14. Ne2 a5 15. c3 a4 16. Bc2 Nb6 17. Qe1 Nfd7 18. Ng3 Rg8 19. Nh5 Bh8 20. Qe2 Nc4 21. f4 c5 22. fxg5 hxg5 23. dxc5 Nxc5 24. Bd4 Bc6 25. Rhf1 Ne5 26. Rf2 O-O-O 27. Rdf1 Rd7 28. Kb1 Rg6 29. Bxe5 Bxe5 30. Rxf7 Qxf7 31. Rxf7 Rxf7 32. a3 Nb3 33. Nf2 Rg8 34. Bd3 Rgf8 35. Nd1 Nc5 36. Bxb5 Bxe4+ 37. Ka2 Bd5+ 38. c4 Be4 39. Qd2 Rf1 40. Qa5 Rxd1 41. Ba6+ Nxa6 42. Qxa6+ Bb7 43. Qxa4 Rd2 44. Nf6 Rxb2+ 45. Ka1 Rb4+ 46. Ka2 Rxa4 47. Nd7 Kxd7 0-1


[Site "https://www.chess.com"]

[Event "Titled Tuesday Blitz July 11 Late 2023"]
[White "Alboredo, Julia"]
[Black "Veiga, Jose Francisco R P Neves"]
[WhiteFideId "2124807"]
[BlackFideId "1930087"]
[WhiteElo "2488"]
[BlackElo "2605"]
[Result "0-1"]
[Round "10"]
[TimeControl "180+2"]
[Date "2023.07.11"]
[WhiteClock "0:00:00"]
[BlackClock "0:00:43"]
[Board "53"]

1. e4 Nc6 2. d4 d6 3. Nc3 Nf6 4. f3 e5 5. d5 Ne7 6. Be3 Ng6 7. Qd2 Be7 8. O-O-O a6 9. g3 h5 10. h4 Nd7 11. Kb1 b5 12. Bh3 Nb6 13. Qf2 Nc4 14. Bc1 b4 15. Nce2 a5 16. f4 Bf6 17. Bxc8 Qxc8 18. f5 Nf8 19. Nf3 a4 20. Ng5 Qb7 21. Rd3 Nd7 22. Be3 Ke7 23. g4 hxg4 24. Rg1 Rhb8 25. Rxg4 b3 26. cxb3 axb3 27. Rxb3 Qa6 28. Rxb8 Qxa2+ 29. Kc2 Rxb8 30. Bc1 Nc5 31. Nc3 Rxb2+ 32. Bxb2 Qxb2+ 33. Kd1 Qxf2 0-1


[Site "https://www.chess.com"]

[Event "Titled Tuesday Blitz July 11 Late 2023"]
[White "Zavgorodniy, Sergiy"]
[Black "JERO-8914"]
[WhiteFideId "14110148"]
[WhiteElo "2591"]
[BlackElo "2485"]
[Result "1/2-1/2"]
[Round "10"]
[TimeControl "180+2"]
[Date "2023.07.11"]
[WhiteClock "0:01:32"]
[BlackClock "0:01:43"]
[Board "54"]

1. d4 Nf6 2. c3 d5 3. Bf4 g6 4. Nf3 Bg7 5. e3 c5 6. Nbd2 Nc6 7. Bd3 O-O 8. O-O Nd7 9. Qe2 e5 10. dxe5 c4 11. Bc2 Ndxe5 12. Nxe5 Nxe5 13. Bxe5 Bxe5 14. Nf3 Bg7 15. Rad1 Qb6 16. Bb1 Be6 17. Nd4 a5 18. Nxe6 Qxe6 19. Qf3 Rfd8 20. Rd2 Rd6 21. Rfd1 Rad8 22. g3 b5 23. Kg2 b4 24. e4 dxe4 25. Qe3 Rxd2 26. Rxd2 Rxd2 27. Qxd2 bxc3 28. bxc3 f5 29. Qd8+ Bf8 30. Qd4 Bd6 31. a4 Be5 32. Qd8+ Kg7 33. Ba2 Bxc3 34. Qc7+ Kh6 35. Bxc4 Qe5 36. Qxe5 Bxe5 37. h4 Bc3 38. Kf1 Kg7 39. Ke2 h6 40. f3 exf3+ 41. Kxf3 Kf6 42. g4 fxg4+ 43. Kxg4 h5+ 44. Kh3 Be1 45. Bb5 1/2-1/2


[Site "https://www.chess.com"]

[Event "Titled Tuesday Blitz July 11 Late 2023"]
[White "Yurasova, Daria"]
[Black "Grinev, Valeriy"]
[WhiteFideId "34146919"]
[BlackFideId "14117517"]
[WhiteElo "2483"]
[BlackElo "2578"]
[Result "1-0"]
[Round "10"]
[TimeControl "180+2"]
[Date "2023.07.11"]
[WhiteClock "0:00:25"]
[BlackClock "0:00:12"]
[Board "55"]

1. d4 Nf6 2. Bg5 e6 3. e4 Be7 4. Nd2 d5 5. e5 Nfd7 6. Bxe7 Qxe7 7. Bd3 a6 8. Ne2 c5 9. c3 Nc6 10. O-O b5 11. f4 g6 12. Nf3 h5 13. a4 b4 14. Qd2 c4 15. Bc2 b3 16. Bb1 Na5 17. Ng5 Nb6 18. Qe3 Bd7 19. Nf3 O-O-O 20. Nd2 Kb8 21. g3 Ka7 22. h3 Rdg8 23. Kf2 f5 24. exf6 Qxf6 25. Nf3 h4 26. g4 Nxa4 27. Ne5 Bb5 28. Ng1 Nb7 29. Ngf3 Nxb2 30. Ng5 Nd3+ 31. Nxd3 cxd3 32. Bxd3 Bxd3 33. Qxd3 Qxf4+ 34. Ke2 Qd6 35. Nf7 Qb6 36. Nxh8 Rxh8 37. Ra3 e5 38. Rfa1 a5 39. Rb1 b2 40. Ra2 exd4 41. Raxb2 Re8+ 42. Kd1 Nc5 43. Qxd4 Qc6 44. Rb5 Ka6 45. Qxc5 Qxc5 46. Rxc5 Re3 47. Rxd5 Rxc3 48. Rd6+ Ka7 49. Rxg6 Rxh3 50. Rbb6 a4 51. Ra6+ Kb7 52. Rxa4 Rg3 53. Rb4+ Kc7 54. Rf4 Rd3+ 55. Ke2 Rd7 56. Rc4+ Kb7 57. Rcc6 h3 58. Rcd6 Re7+ 59. Kf2 Rc7 60. Rb6+ Ka7 61. Ra6+ Kb7 62. Rgb6+ Kc8 63. Rc6 h2 64. Kg2 Rxc6 65. Rxc6+ Kd7 66. Rf6 Ke7 67. Rf1 h1=Q+ 68. Kxh1 Ke6 69. g5 1-0


[Site "https://www.chess.com"]

[Event "Titled Tuesday Blitz July 11 Late 2023"]
[White "Vlassov, Nikolai"]
[Black "Estrada Nieto, Julian"]
[WhiteFideId "4103360"]
[BlackFideId "5101018"]
[WhiteElo "2577"]
[BlackElo "2469"]
[Result "1-0"]
[Round "10"]
[TimeControl "180+2"]
[Date "2023.07.11"]
[WhiteClock "0:01:19"]
[BlackClock "0:00:55"]
[Board "56"]

1. e4 e5 2. Bc4 Nc6 3. f4 exf4 4. d4 Nf6 5. Nc3 Bb4 6. Ne2 Nxe4 7. O-O Bxc3 8. Nxc3 Nxc3 9. bxc3 O-O 10. Bxf4 d5 11. Bd3 Be6 12. Qh5 g6 13. Qh6 Qf6 14. Be5 Nxe5 15. Rxf6 Ng4 16. Qg5 Nxf6 17. Qxf6 Rfe8 18. Rf1 Rad8 19. h4 Rd7 20. h5 gxh5 21. Qg5+ Kf8 22. Bxh7 Bg4 23. Qh6+ Ke7 24. Re1+ Kd8 25. Qg5+ Rde7 26. Rxe7 Rxe7 27. Qxd5+ Kc8 28. Bf5+ Bxf5 29. Qxf5+ Kd8 30. Qxh5 c6 31. Kf2 Kc7 32. Qh2+ Kb6 33. Qd6 Re6 34. Qd7 Rf6+ 35. Ke3 Rf1 36. c4 Ka6 37. d5 cxd5 38. Qb5# 1-0


[Site "https://www.chess.com"]

[Event "Titled Tuesday Blitz July 11 Late 2023"]
[White "Przybylski, Wojciech"]
[Black "Taranenko, Evgueniy"]
[WhiteFideId "1117599"]
[BlackFideId "14122138"]
[WhiteElo "2572"]
[BlackElo "2449"]
[Result "1-0"]
[Round "10"]
[TimeControl "180+2"]
[Date "2023.07.11"]
[WhiteClock "0:00:43"]
[BlackClock "0:00:37"]
[Board "57"]

1. e4 e6 2. d4 d5 3. exd5 exd5 4. Bd3 Bd6 5. Qe2+ Qe7 6. Nf3 Qxe2+ 7. Kxe2 Bg4 8. h3 Bxf3+ 9. Kxf3 Ne7 10. Nc3 c6 11. Re1 f6 12. h4 Kf7 13. h5 Nd7 14. a4 a5 15. g4 Rae8 16. Bd2 Bb4 17. Bf4 Nc8 18. Rxe8 Kxe8 19. Re1+ Kd8 20. Re6 Ndb6 21. h6 g6 22. Rxf6 Be7 23. Re6 Kd7 24. Re1 Rf8 25. Kg3 Bd6 26. Be5 Ne7 27. f4 Ng8 28. g5 Ne7 29. Kg4 Nbc8 30. Bf6 Ng8 31. Be5 Nge7 32. Ne2 b6 33. Ng3 c5 34. c3 c4 35. Bc2 b5 36. axb5 Nb6 37. Ra1 a4 38. f5 Bxe5 39. dxe5 gxf5+ 40. Nxf5 Ng6 41. Re1 Re8 42. Nd4 Nxe5+ 43. Kh5 Nd3 44. Rxe8 Kxe8 45. g6 hxg6+ 46. Kxg6 Ne5+ 47. Kg7 Ke7 48. Nc6+ Nxc6 49. bxc6 a3 50. bxa3 Kd6 51. h7 1-0


[Site "https://www.chess.com"]

[Event "Titled Tuesday Blitz July 11 Late 2023"]
[White "Domingo Nunez, Ruben"]
[Black "Buchenau, Frank"]
[WhiteFideId "22245570"]
[BlackFideId "4604350"]
[WhiteElo "2555"]
[BlackElo "2415"]
[Result "0-1"]
[Round "10"]
[TimeControl "180+2"]
[Date "2023.07.11"]
[WhiteClock "0:01:23"]
[BlackClock "0:00:25"]
[Board "58"]

1. Nf3 Nf6 2. g3 b6 3. Bg2 Bb7 4. O-O e6 5. b3 Be7 6. Bb2 O-O 7. e3 c5 8. Qe2 d5 9. d3 Nc6 10. Nbd2 Qc7 11. Rac1 e5 12. c4 d4 13. e4 Ne8 14. a3 Nd6 15. Ne1 Rae8 16. f4 f5 17. exf5 exf4 18. Bd5+ Kh8 19. g4 Bg5 20. Qg2 f3 21. Nexf3 Be3+ 22. Kh1 Nd8 23. Bxb7 N8xb7 24. Rce1 Nd8 25. b4 N8f7 26. Nb3 Re7 27. Bc1 Rfe8 28. Bxe3 Rxe3 29. Rxe3 Rxe3 30. Nc1 Qe7 31. Qf2 h6 32. Re1 Rxf3 33. Rxe7 Rxf2 34. Kg1 Rd2 35. Nb3 Rxd3 36. bxc5 Rxb3 37. c6 Rc3 0-1


[Site "https://www.chess.com"]

[Event "Titled Tuesday Blitz July 11 Late 2023"]
[White "Harriott, Tyrell"]
[Black "Karttunen, Mika"]
[WhiteFideId "2086484"]
[BlackFideId "502081"]
[WhiteElo "2410"]
[BlackElo "2550"]
[Result "0-1"]
[Round "10"]
[TimeControl "180+2"]
[Date "2023.07.11"]
[WhiteClock "0:00:04"]
[BlackClock "0:00:20"]
[Board "59"]

1. d4 Nf6 2. e3 e6 3. Bd3 c5 4. f4 cxd4 5. exd4 b6 6. Nf3 Bb7 7. O-O Be7 8. Nbd2 O-O 9. Qe2 a6 10. c3 d6 11. b3 Nbd7 12. Bb2 b5 13. Rac1 Nb6 14. Ng5 h6 15. Nge4 Re8 16. Kh1 Rc8 17. Qf3 Nxe4 18. Nxe4 f5 19. Nf6+ Bxf6 20. Qxb7 Ra8 21. Qf3 d5 22. Ba3 Be7 23. Bb2 Nc8 24. c4 bxc4 25. bxc4 Nb6 26. c5 Nd7 27. Qe2 Bf8 28. Bxa6 Nf6 29. a3 Ne4 30. Bb7 Ra7 31. c6 Qc7 32. Rf3 Bd6 33. g3 Qb6 34. Qc2 Bc7 35. Rb3 Qa5 36. Bc3 Qa4 37. Bb4 Kf7 38. Kg2 Rg8 39. Rf3 g5 40. fxg5 Qxc2+ 41. Rxc2 hxg5 42. Ra2 Ra4 43. Rb3 g4 44. Bc5 Nxc5 45. dxc5 Ra5 46. Rc2 e5 47. Rf2 Ke6 48. Rc2 d4 49. a4 e4 50. Rb4 d3 51. Rd2 Rd8 52. Kf2 Kd5 53. Ke3 Kxc5 54. Rb5+ Rxb5 55. axb5 Kxb5 56. Rb2+ Kc5 57. Kd2 Kd4 58. Rb4+ Kc5 59. Ra4 e3+ 60. Kxe3 d2 61. Ra1 d1=Q 62. Rxd1 Rxd1 63. Kf2 Rd2+ 64. Kg1 Kd4 65. Ba6 Ke3 66. Bf1 Rc2 67. Bg2 Rc1+ 68. Bf1 Rb1 69. Kg2 Rb2+ 70. Kg1 Rc2 71. Bg2 Rc5 72. Bf1 Rxc6 73. Bg2 Rc1+ 74. Bf1 Bb6 75. Kg2 Rc2+ 76. Kg1 Kd2+ 77. Kh1 Ke1 78. h4 gxh3 79. Bg2 hxg2+ 80. Kh2 g1=Q+ 81. Kh3 Rh2# 0-1


[Site "https://www.chess.com"]

[Event "Titled Tuesday Blitz July 11 Late 2023"]
[White "Garmendiarov"]
[Black "MFatigue"]
[WhiteElo "2375"]
[BlackElo "2547"]
[Result "1/2-1/2"]
[Round "10"]
[TimeControl "180+2"]
[Date "2023.07.11"]
[WhiteClock "0:00:03"]
[BlackClock "0:00:05"]
[Board "60"]

1. e4 e6 2. d4 d5 3. Nc3 Nf6 4. e5 Nfd7 5. f4 c5 6. Nf3 Nc6 7. Be3 a6 8. a3 b5 9. Bd3 Qb6 10. dxc5 Bxc5 11. Bxc5 Nxc5 12. Qe2 Bb7 13. Qf2 O-O-O 14. O-O f6 15. Ne2 Nd7 16. Qxb6 Nxb6 17. Ned4 Nxd4 18. Nxd4 Rde8 19. Rae1 Kd7 20. f5 fxe5 21. Rxe5 exf5 22. Rexf5 Re7 23. Rf7 g6 24. R1f6 Nc4 25. b3 Ne5 26. Rxe7+ Kxe7 27. Rb6 Bc8 28. Nc6+ Nxc6 29. Rxc6 Kd7 30. Rf6 Re8 31. Rf7+ Re7 32. Rxe7+ Kxe7 33. Kf2 Kd6 34. Ke3 Ke5 35. g3 Be6 36. c3 Bf7 37. a4 Be8 38. axb5 Bxb5 39. Bxb5 axb5 40. h3 g5 41. g4 h6 42. b4 Ke6 43. Kd4 Kd6 44. Kd3 Ke6 45. Ke3 Ke5 46. Kd3 Ke6 47. Kd4 Kd6 48. Kd3 Ke6 1/2-1/2


[Site "https://www.chess.com"]

[Event "Titled Tuesday Blitz July 11 Late 2023"]
[White "gordonzyxu"]
[Black "Yelisieiev, Yevhenii"]
[BlackFideId "14139642"]
[WhiteElo "2039"]
[BlackElo "2544"]
[Result "0-1"]
[Round "10"]
[TimeControl "180+2"]
[Date "2023.07.11"]
[WhiteClock "0:00:00"]
[BlackClock "0:00:25"]
[Board "61"]

1. e4 d6 2. d4 Nf6 3. Nc3 e5 4. Nf3 Nbd7 5. Bc4 Be7 6. Qe2 O-O 7. O-O exd4 8. Nxd4 Ne5 9. Bb3 c5 10. Nf5 Bxf5 11. exf5 c4 12. Ba4 a6 13. f4 Neg4 14. h3 Nh6 15. Qxc4 b5 16. Bxb5 axb5 17. Qxb5 Ra5 18. Qd3 Nxf5 19. Bd2 Qb6+ 20. Kh2 Qd4 21. Qxd4 Nxd4 22. Ne2 Rd5 23. c4 Nf3+ 24. Rxf3 Rxd2 25. Re3 Bd8 26. b4 Bb6 27. Re7 Re8 28. Rxe8+ Nxe8 29. Ng3 Kf8 30. a4 Be3 31. a5 Bxf4 32. a6 Nc7 33. b5 Na8 34. Rf1 Be5 35. Re1 Rc2 36. Re4 f5 37. Re3 f4 38. Rf3 Rxc4 39. Nf5 Rb4 40. Rf1 Rxb5 41. Rc1 Rb8 42. Rc6 Ke8 0-1


[Site "https://www.chess.com"]

[Event "Titled Tuesday Blitz July 11 Late 2023"]
[White "Milovic, Aleksandra"]
[Black "Ambartsumova, Karina"]
[WhiteFideId "933988"]
[BlackFideId "4166299"]
[WhiteElo "2099"]
[BlackElo "2596"]
[Result "1/2-1/2"]
[Round "10"]
[TimeControl "180+2"]
[Date "2023.07.11"]
[WhiteClock "0:00:17"]
[BlackClock "0:00:04"]
[Board "62"]

1. e4 c5 2. Nf3 a6 3. c3 d5 4. exd5 Qxd5 5. d4 Bg4 6. Be2 Nf6 7. O-O e6 8. dxc5 Qxd1 9. Rxd1 Bxc5 10. Nbd2 Nc6 11. Nb3 Bb6 12. h3 Bh5 13. g4 Bg6 14. Nbd4 Be4 15. Nxc6 Bxc6 16. Ne5 Ne4 17. Be3 Bxe3 18. fxe3 Nc5 19. Nxc6 bxc6 20. Bf3 Rc8 21. Rd6 Ke7 22. Rxc6 Rxc6 23. Bxc6 Nd3 24. b3 Rc8 25. Bb7 Rxc3 26. Bxa6 Nb4 27. Bc4 Rxe3 28. a4 Kd6 29. a5 Nc6 30. a6 Na7 31. Kg2 Kc5 32. Rd1 Kc6 33. b4 Re4 34. Rc1 Kb6 35. b5 Rd4 36. Be2 Rd2 37. Kf1 Rb2 38. Ra1 f5 39. gxf5 exf5 40. Rd1 Nxb5 41. Bxb5 Rxb5 42. Rd7 Kxa6 43. Rxg7 Rb7 44. Rg5 Rf7 45. Kf2 Kb6 46. Kf3 Kc6 47. Kf4 Kd6 48. Rxf5 Rg7 49. Rg5 Ra7 50. h4 Ra4+ 51. Kg3 Ke6 52. Rg8 Kf6 53. Rh8 Kg7 54. Rd8 h6 55. Rd7+ Kg6 56. Rd6+ Kh5 57. Rd5+ Kg6 58. Rd6+ Kg7 59. Rd7+ Kg8 60. Rd8+ Kf7 61. Rd7+ Kg6 62. Rd6+ 1/2-1/2


[Site "https://www.chess.com"]

[Event "Titled Tuesday Blitz July 11 Late 2023"]
[White "Mei, Austin"]
[Black "Bruedigam, Martin"]
[WhiteFideId "30948479"]
[BlackFideId "24608033"]
[WhiteElo "2496"]
[BlackElo "2542"]
[Result "0-1"]
[Round "10"]
[TimeControl "180+2"]
[Date "2023.07.11"]
[WhiteClock "0:00:00"]
[BlackClock "0:00:32"]
[Board "63"]

1. e4 g6 2. d4 Bg7 3. Nc3 d6 4. Be3 a6 5. Qd2 b5 6. h4 h5 7. Nf3 Bb7 8. Ng5 Nh6 9. f3 Nd7 10. a4 b4 11. Nd5 a5 12. Bc4 e6 13. Nf4 Qe7 14. Nxg6 fxg6 15. Nxe6 Nb6 16. Bb5+ c6 17. d5 cxb5 18. Bxb6 Bxb2 19. O-O Kf7 20. axb5 Bc8 21. Ng5+ Kg8 22. Rxa5 Rxa5 23. Qxb4 Ra2 24. Qb3 Qb7 25. Be3 Qa8 26. Rb1 Bf6 27. b6 Ra1 28. Rxa1 Qxa1+ 29. Kh2 Qe5+ 30. Kg1 Qe7 31. Ne6 Kh7 32. b7 Bxb7 0-1


[Site "https://www.chess.com"]

[Event "Titled Tuesday Blitz July 11 Late 2023"]
[White "GAO"]
[Black "Sidletskyi, Ivan"]
[BlackFideId "14156024"]
[WhiteElo "2403"]
[BlackElo "2539"]
[Result "1-0"]
[Round "10"]
[TimeControl "180+2"]
[Date "2023.07.11"]
[WhiteClock "0:00:12"]
[BlackClock "0:00:00"]
[Board "64"]

1. e4 e6 2. d4 d5 3. Nd2 c5 4. exd5 Qxd5 5. Ngf3 cxd4 6. Bc4 Qd6 7. O-O Nf6 8. Nb3 Nc6 9. Nbxd4 Nxd4 10. Nxd4 Be7 11. c3 O-O 12. Qf3 Qc7 13. Bb3 a5 14. Bf4 e5 15. Bg3 a4 16. Bc2 Qc5 17. Nf5 e4 18. Nxe7+ Qxe7 19. Qe2 a3 20. b3 Bf5 21. Rfd1 Qc5 22. Bd6 Qxc3 23. Bxf8 Bg4 24. Qd2 Qb2 25. Rdb1 Qe5 26. Bd6 Qe6 27. Bg3 Rc8 28. Bd1 Bf5 29. Be2 e3 30. Qxe3 Bxb1 31. Rxb1 Rc2 32. Qxe6 fxe6 33. Bc4 Rxa2 34. Bxe6+ Kh8 35. Rc1 h5 36. h4 Re2 37. Bf5 a2 38. Kf1 Re8 39. Ra1 Ra8 40. b4 Nd5 41. Be6 Nxb4 42. Bd6 Nc2 43. Rxa2 Rc8 44. Bxc8 1-0


[Site "https://www.chess.com"]

[Event "Titled Tuesday Blitz July 11 Late 2023"]
[White "Omariev, Maksim"]
[Black "brm72"]
[WhiteFideId "4193423"]
[WhiteElo "2395"]
[BlackElo "2532"]
[Result "0-1"]
[Round "10"]
[TimeControl "180+2"]
[Date "2023.07.11"]
[WhiteClock "0:00:00"]
[BlackClock "0:00:59"]
[Board "65"]

1. e4 c6 2. Nc3 d5 3. Nf3 dxe4 4. Nxe4 Nf6 5. Ng3 h5 6. h4 Bg4 7. Be2 e6 8. Ne5 Bxe2 9. Qxe2 Nbd7 10. Nf3 Bd6 11. Nf5 Qc7 12. Ng5 O-O 13. Nxd6 Qxd6 14. d3 Qe5 15. Qxe5 Nxe5 16. Bf4 Ng6 17. Bg3 Rac8 18. O-O-O Rfd8 19. Rhe1 Ne7 20. c3 Nf5 21. Kc2 Nxg3 22. fxg3 Rd5 23. d4 Rcd8 24. Nf3 Ng4 25. Rd2 Kf8 26. c4 R5d7 27. Kc3 Ke7 28. Red1 Kf6 29. b4 Kg6 30. a4 f6 31. Re1 Kf5 32. Rde2 e5 33. dxe5 Rd3+ 34. Kc2 Ra3 35. exf6 gxf6 36. a5 Rdd3 37. Nd2 Rxg3 38. Ne4 Ne3+ 39. Kb2 Nxc4+ 40. Kc1 Rgb3 41. Rf1+ Kg4 42. Nxf6+ Kg3 43. Nxh5+ Kxh4 44. Rh1+ Kg5 0-1


[Site "https://www.chess.com"]

[Event "Titled Tuesday Blitz July 11 Late 2023"]
[White "Janaszak, Dawid"]
[Black "Prydun, Andriy"]
[WhiteFideId "1119206"]
[BlackFideId "14145898"]
[WhiteElo "2530"]
[BlackElo "2389"]
[Result "1-0"]
[Round "10"]
[TimeControl "180+2"]
[Date "2023.07.11"]
[WhiteClock "0:01:52"]
[BlackClock "0:00:15"]
[Board "66"]

1. d4 Nf6 2. Nc3 d5 3. Bf4 c5 4. e4 Nxe4 5. Nxe4 dxe4 6. dxc5 Qa5+ 7. c3 Qxc5 8. Qa4+ Nc6 9. Qxe4 Bf5 10. Qa4 g5 11. Be3 Qe5 12. Nf3 Qf6 13. Bxg5 Qe6+ 14. Be3 Bg7 15. Bc4 Qe4 16. Bxf7+ Kf8 17. Qxe4 Bxe4 18. Be6 Bxf3 19. gxf3 a5 20. a4 Be5 21. O-O-O Kg7 22. f4 Bd6 23. f5 1-0


[Site "https://www.chess.com"]

[Event "Titled Tuesday Blitz July 11 Late 2023"]
[White "Santos Flores, Alberto"]
[Black "Slovineanu, Viacheslav"]
[WhiteFideId "3601234"]
[BlackFideId "13900510"]
[WhiteElo "2528"]
[BlackElo "2388"]
[Result "1-0"]
[Round "10"]
[TimeControl "180+2"]
[Date "2023.07.11"]
[WhiteClock "0:01:43"]
[BlackClock "0:00:05"]
[Board "67"]

1. e4 c6 2. c4 d5 3. exd5 cxd5 4. cxd5 Nf6 5. Qa4+ Nbd7 6. Nc3 g6 7. Bc4 Bg7 8. Nf3 O-O 9. d3 a6 10. Qa3 Qc7 11. O-O Rb8 12. Qxe7 Re8 13. d6 Rxe7 14. dxc7 Ra8 15. Bf4 Nb6 16. Bb3 Nh5 17. Bd6 Re8 18. Ng5 Be6 19. Nxe6 fxe6 20. Rfe1 Bxc3 21. bxc3 Nd5 22. Bxd5 exd5 23. Rxe8+ Rxe8 24. Rb1 Ng7 25. g4 b5 26. a4 Kf7 27. axb5 Ke6 28. Bg3 axb5 29. Rxb5 Rc8 30. Rb8 Kd7 31. Rxc8 Kxc8 32. Be5 Ne6 33. f4 Kd7 34. Kf2 Nc5 35. Ke3 Na4 36. f5 gxf5 37. gxf5 Nc5 38. Kd4 Nb3+ 39. Kxd5 h5 40. f6 1-0


[Site "https://www.chess.com"]

[Event "Titled Tuesday Blitz July 11 Late 2023"]
[White "Fajdetic, Hrvoje"]
[Black "Deng, Henry"]
[WhiteFideId "14501945"]
[BlackFideId "30965454"]
[WhiteElo "2356"]
[BlackElo "2517"]
[Result "0-1"]
[Round "10"]
[TimeControl "180+2"]
[Date "2023.07.11"]
[WhiteClock "0:00:00"]
[BlackClock "0:00:13"]
[Board "68"]

1. f4 d5 2. Nf3 Nf6 3. e3 Bf5 4. b3 h6 5. Bb2 e6 6. Bd3 Bxd3 7. cxd3 Be7 8. O-O O-O 9. Nc3 Nbd7 10. Ne2 c5 11. Ng3 Re8 12. f5 Bf8 13. fxe6 Rxe6 14. Nf5 Qb6 15. Qe1 Qa6 16. Qg3 Kh8 17. Ne5 Nxe5 18. Bxe5 Nh5 19. Nxg7 Nxg3 20. Nxe6+ Kg8 21. Nc7 Qxd3 22. Bxg3 Rc8 23. Rf3 Rd8 24. Raf1 Rd7 25. Ne8 Bg7 26. Nf6+ Bxf6 27. Rxf6 Qxd2 28. Bf4 h5 29. Rf5 Qe2 30. Rg5+ Kf8 31. Re5 Re7 32. Bh6+ Ke8 33. Rxd5 Rd7 34. Re5+ Kd8 0-1


[Site "https://www.chess.com"]

[Event "Titled Tuesday Blitz July 11 Late 2023"]
[White "Martinez Reyes, Pedro Ramon"]
[Black "OllieAr"]
[WhiteFideId "3901807"]
[WhiteElo "2515"]
[BlackElo "2331"]
[Result "1-0"]
[Round "10"]
[TimeControl "180+2"]
[Date "2023.07.11"]
[WhiteClock "0:00:04"]
[BlackClock "0:00:04"]
[Board "69"]

1. d4 d5 2. c4 e6 3. Nc3 Nf6 4. cxd5 exd5 5. Bg5 c6 6. e3 Bd6 7. Bd3 O-O 8. Qc2 h6 9. Bh4 a5 10. Nge2 Re8 11. Bg3 Na6 12. a3 Nc7 13. O-O Ne6 14. f3 Ng5 15. Bf2 b5 16. Rae1 h5 17. h4 Ne6 18. e4 dxe4 19. Nxe4 Bb7 20. Rd1 Nf4 21. Nxf4 Bxf4 22. Nc5 Bc8 23. Bf5 Nd5 24. Rfe1 Be3 25. Be4 Bxf2+ 26. Qxf2 Be6 27. Qg3 Qf6 28. Bb1 Rad8 29. Re5 g6 30. Rde1 Nf4 31. Ne4 Qg7 32. Qxf4 Rxd4 33. Nf6+ Qxf6 34. Qxf6 1-0


[Site "https://www.chess.com"]

[Event "Titled Tuesday Blitz July 11 Late 2023"]
[White "Cooper, Aaron"]
[Black "Banzea, Alexandru-Bogdan"]
[WhiteFideId "2634945"]
[BlackFideId "1232622"]
[WhiteElo "2270"]
[BlackElo "2590"]
[Result "0-1"]
[Round "10"]
[TimeControl "180+2"]
[Date "2023.07.11"]
[WhiteClock "0:00:06"]
[BlackClock "0:00:05"]
[Board "71"]

1. b4 h5 2. Bb2 a5 3. b5 a4 4. Nf3 h4 5. h3 e6 6. a3 Nf6 7. c4 b6 8. Nc3 Bb7 9. Nxa4 d5 10. e3 Nbd7 11. d4 dxc4 12. Bxc4 Bd6 13. Nc3 Qe7 14. a4 e5 15. dxe5 Nxe5 16. Nxe5 Qxe5 17. Qb3 Qe7 18. Nd5 Bxd5 19. Bxd5 Rd8 20. O-O-O Kf8 21. Bc6 Rh5 22. Kb1 Be5 23. Rxd8+ Qxd8 24. Rd1 Qe7 25. Ba3 Bd6 26. Bxd6 cxd6 27. Rd4 Rc5 28. Qd3 d5 29. Bxd5 Rxd5 30. Rxd5 Qb4+ 31. Kc2 Qxa4+ 32. Kc3 Qa3+ 33. Kd4 Qxd3+ 34. Kxd3 Nxd5 35. Kd4 Nc7 36. Ke5 Nxb5 37. Kd5 Nc3+ 38. Kc6 Nd1 39. Kxb6 Nxf2 40. Kc5 Ke7 41. Kd4 Kf6 42. e4 Ke6 43. Ke3 Nh1 44. Kf3 Ng3 45. Kg4 Nxe4 46. Kxh4 Kf5 47. g4+ Kf4 48. Kh5 Nf6+ 49. Kh4 g5# 0-1


[Site "https://www.chess.com"]